 Dungeon Crawl Stone Soup version 0.15.1-1-gfacfea3 (webtiles) character file.

194 bwiles81 the Sneak (level 5, 24/24 HPs)
             Began as a Spriggan Enchanter on Sept 25, 2014.
             Quit the game on Level 3 of the Dungeon.
             The game lasted 00:12:26 (4774 turns).

bwiles81 the Sneak (Spriggan Enchanter)             Turns: 4774, Time: 00:12:26

HP  24/24        AC  5     Str  5      XL: 5   Next: 44%
MP  14/14        EV 20     Int 17      God:
Gold 122         SH  0     Dex 16      Spells:  3 memorised,  3 levels left

rFire  . . .     SeeInvis +     a - +1 dagger
rCold  . . .     Clarity  .     b - +2 robe
rNeg   . . .     rCorr    .     (shield restricted)
rPois  .         rRot     .     (helmet restricted)
rElec  .         Spirit   .     (no cloak)
SustAb .         Warding  .     (gloves unavailable)
rMut   .         Stasis   .     (boots unavailable)
Gourm  .                        (no amulet)
MR     .....                    (no ring)
                                (no ring)

@: very quick, not resistant to hostile enchantments, stealthy
A: unfitting armour, molten scales 1, see invisible, herbivore 3, speed 3,
screaming 1, slow metabolism 2
a: no special abilities


You were on level 3 of the Dungeon.
You were hungry.

You visited 1 branch of the dungeon, and saw 3 of its levels.

You collected 122 gold pieces.

Inventory:

Hand weapons
 a - a +1 dagger (weapon)
Armour
 b - a +2 robe (worn)
Scrolls
 g - a scroll of identify
 i - a scroll of recharging
 j - a scroll of fog
Jewellery
 m - an uncursed ring of protection from fire {unknown}
Potions
 d - a potion of porridge
 f - a potion of haste
Books
 c - a book of Maledictions

   Spells                             Type                      Level
   *Corona                            Hexes                        1
   Sure Blade                         Hexes/Charms                 2
   *Ensorcelled Hibernation           Hexes/Ice                    2
   *Confuse                           Hexes                        3
   Dazzling Spray                     Conjuration/Hexes            3
   Enslavement                        Hexes                        4


   Skills:
 + Level 3.4 Short Blades
 + Level 5.2 Dodging
 + Level 6.7 Stealth
 - Level 2.6 Spellcasting
 - Level 3.6 Hexes


You had 3 spell levels left.
You knew the following spells:

 Your Spells              Type           Power        Failure   Level  Hunger
a - Corona                Hex            ##.....      4%          1    #......
b - Ensorcelled Hibernat  Hex/Ice        #.....       17%         2    ##.....
c - Confuse               Hex            ##......     14%         3    ###....


Dungeon Overview and Level Annotations

Branches:
Dungeon (3/15)

Altars:
Elyvilon

Annotations:
D:3 Crazy Yiuf, Sigmund


Innate Abilities, Weirdness & Mutations

You are tiny and cannot use many weapons and most armour.
You have supernaturally acute eyesight.
You are a herbivore.
You cover ground extremely quickly.
You need consume almost no food.
You are partially covered in molten scales (AC +1).
You occasionally shout uncontrollably at your foes.


Message History

An orc comes into view. It is wielding a short sword.
A kobold comes into view. It is wielding a dagger.
You found a teleport trap!
The kobold shouts!
An orc comes into view. It is wielding a trident.
An orc comes into view. It is wielding a flail.
Sigmund zaps a wand.
You resist with almost no effort.
Really walk into that teleport trap?
You enter a teleport trap!
The teleport trap disappears.
Your surroundings suddenly seem different.
You see here a dagger.
There is an open door here.
Drink which item? (? for menu, Esc to quit)
Okay, then.
Quiver which item? (- for none, * to show all) (? for menu, Esc to quit)
Okay, then.
Unknown command.
Unknown command.
Unknown command.
Are you sure you want to abandon this character and quit the game? (Confirm with "yes".)

### #.# ###.# ....# ###%#####
##### ........###### ##.(.#
#...........<###....#
+............).'@...#
#..(........)###....##
.............##......#
#............##......# ######
#....(.......##......####....#
####...########..............#
#####.........#.............>#
#.............#..............# #
##............#..............##..


There were no monsters in sight!

Vanquished Creatures
  A phantom (D:3)
  An orc wizard (D:3)
  An adder (D:2)
  A giant mite (D:2)
  3 worms
  2 oozes (D:3)
  3 orcs (D:3)
  3 giant cockroaches
  3 goblins (D:2)
  A hobgoblin (D:2)
  2 jackals (D:2)
  A quokka (D:3)
  8 bats
  A giant gecko (D:1)
  2 giant newts
  8 kobolds
  7 rats
48 creatures vanquished.

Notes
Turn   | Place    | Note
--------------------------------------------------------------
     0 | D:1      | bwiles81, the Spriggan Enchanter, began the quest for the Orb.
     0 | D:1      | Reached XP level 1. HP: 9/9 MP: 4/4
   427 | D:1      | Reached XP level 2. HP: 13/13 MP: 7/7
   431 | D:1      | Learned a level 2 spell: Ensorcelled Hibernation
  1492 | D:1      | Gained mutation: You occasionally shout uncontrollably at your foes. [potion of mutation]
  1492 | D:1      | Gained mutation: You are partially covered in molten scales (AC +1). [potion of mutation]
  1614 | D:2      | Reached skill level 5 in Stealth
  1974 | D:2      | Found a white marble altar of Elyvilon.
  2218 | D:2      | Reached XP level 3. HP: 8/16 MP: 6/9
  2991 | D:3      | Noticed a phantom
  3527 | D:2      | Reached XP level 4. HP: 15/21 MP: 9/12
  3642 | D:2      | Learned a level 3 spell: Confuse
  4000 | D:3      | Noticed Sigmund
  4288 | D:3      | Killed a phantom
  4288 | D:3      | Reached skill level 5 in Dodging
  4288 | D:3      | Reached skill level 6 in Stealth
  4288 | D:3      | Reached XP level 5. HP: 10/24 MP: 4/14
  4696 | D:3      | Noticed Crazy Yiuf
  4774 | D:3      | Quit the game

Action                   |  1- 3 |  4- 6 || total
-------------------------+-------+-------++-------
Melee: Dagger            |   131 |    36 ||   167
 Cast: Ensorcelled Hiber |    20 |     6 ||    26
       Confuse           |       |     8 ||     8
  Use: Potion            |     8 |       ||     8
       Scroll            |     7 |       ||     7
 Stab: Sleeping          |    20 |     2 ||    22
       Confused          |       |     2 ||     2
  Eat: Pizza             |     1 |       ||     1
       Royal jelly       |       |     1 ||     1
